 Dungeon Crawl Stone Soup version 0.23-a0-171-g5ae17c6 (webtiles) character file.

936 RoseArtemis the Sneak (level 7, -2/33 HPs)
             Began as a Spriggan Enchanter on Sept 13, 2018.
             Was a Follower of Wu Jian.
             Killed by divine providence
             ... invoked by an orc priest
              (10 damage)
             ... on level 4 of the Dungeon.
             The game lasted 00:33:24 (5313 turns).

RoseArtemis the Sneak (Spriggan Enchanter)          Turns: 5313, Time: 00:33:24

Health: -2/33      AC:  2    Str:  4    XL:     7   Next: 87%
Magic:  11/15      EV: 22    Int: 16    God:    Wu Jian [*.....]
Gold:   132        SH:  0    Dex: 19    Spells: 8/15 levels left

rFire    . . .     SeeInvis +   p - +0 short sword (elec)
rCold    . . .     Gourm    .   (shield restricted)
rNeg     . . .     Faith    .   b - +0 robe
rPois    .         Spirit   .   (helmet restricted)
rElec    .         Reflect  .   (no cloak)
rCorr    +         Harm     .   (gloves unavailable)
MR       ++...                  (boots unavailable)
Stlth    ++++......             (no amulet)
HPRegen  0.11/turn              i - ring of resist corrosion
MPRegen  0.14/turn              j - ring of protection from magic

@: very quick
A: very small, unfitting armour, see invisible, herbivore, speed 3, slow
metabolism 2
a: Renounce Religion


You were on level 4 of the Dungeon.
You worshipped Wu Jian.
Wu Jian was aware of your devotion.
You were near starving.

You visited 1 branch of the dungeon, and saw 4 of its levels.

You collected 132 gold pieces.

Inventory:

Hand Weapons
 a - a +1 dagger
 p - a +0 short sword of electrocution (weapon)
 u - a +2 short sword of speed
Missiles
 e - 177 stones (quivered)
Armour
 b - a +0 robe (worn)
Jewellery
 c - an uncursed ring of positive energy {unknown}
 i - a ring of resist corrosion (left hand)
 j - a ring of protection from magic (right hand)
 q - a +3 ring of protection {unknown}
Wands
 l - a wand of paralysis (12)
Scrolls
 f - 2 scrolls of blinking
 h - a scroll of enchant armour {unknown}
 k - a scroll of noise {unknown}
 m - 6 scrolls of remove curse
 n - a scroll of immolation {unknown}
 o - 3 scrolls of teleportation {unknown}
 s - a scroll of fear {unknown}
 t - 2 scrolls of magic mapping {unknown}
 v - a scroll of identify
Potions
 g - a potion of haste
 r - a potion of curing {unknown}
 w - 2 potions of resistance {unknown}
Comestibles
 d - 4 rations


   Skills:
 + Level 1.6 Fighting
 + Level 4.7 Short Blades
 + Level 6.0 Dodging
 * Level 7.3 Stealth
 - Level 4.6 Spellcasting
 - Level 6.2 Hexes


You had 8 spell levels left.
You knew the following spells:

 Your Spells              Type           Power        Failure   Level  Hunger
a - Corona                Hex            ###....      1%          1    None
b - Confuse               Hex            ###.....     3%          3    ###....
c - Tukima's Dance        Hex            ###.....     3%          3    ###....

Your spell library contained the following spells:

 Spells                   Type           Power        Failure   Level  Hunger
 Ensorcelled Hibernation  Hex/Ice        ##....       7%          2    ##.....
 Dazzling Spray           Conj/Hex       ##....       13%         3    ###....


Dungeon Overview and Level Annotations

Branches:
Dungeon (4/15)
 Temple: D:4-7

Altars:
Kikubaaqudgha
Qazlal
Trog
Vehumet
Wu Jian
Xom

Annotations:
D:4 2 transporters


Innate Abilities, Weirdness & Mutations

You are very small and have problems with some larger weapons.
You are too small for most types of armour.
You have supernaturally acute eyesight. (SInv)
You are a herbivore.
You cover ground extremely quickly.
You need to consume almost no food.


Message History

The quokka bites your flail but does no damage.
The orc priest invokes the aid of Beogh against you.
Beogh smites you!
* * * LOW HITPOINT WARNING * * *
Okay, then.
The quokka closely misses your flail.
Your flail hits the orc priest but does no damage.
The quokka closely misses your flail.
The orc priest mumbles some strange prayers to Beogh against you.
You resist with almost no effort.
Your flail closely misses the orc priest.
You lunge at the orc priest.
You closely miss the orc priest.
The orc priest is almost dead.
The quokka bites your flail.
You barely miss the orc priest.
The orc priest is almost dead.
The orc hits your flail but does no damage.
The orc priest calls down the wrath of Beogh upon you.
Beogh smites you!
You die...

#.#........© #.#..#...#..
#.#.#.....#. #.#..)$$)?.S
######### #.##8$$_.K8#
#oo.o.))# #..#########
#.#####[# ##.....©..).
#.#####o############...##.
......r(o@......# ##.###.
#.#####...#####.# #.....
#..<.......# #.# #####.
#..........# #.# #.
######.##..# #.# #.
...##...#####.# #.
##.###........#### #.
#........#...#...# #.
#...<...>.<......######.


You could see an orc priest, an orc, a quokka and a friendly flail.

Vanquished Creatures
  Edmund (D:4)
  Menkaure (D:4)
  An orc warrior (D:4)
  2 ogres (D:4)
  A phantom (D:4)
  A centaur (D:3)
  A scorpion (D:4)
  An orc priest (D:4)
  A hound (D:4)
  A hound skeleton (D:3)
  An adder (D:3)
  5 gnolls
  4 oozes
  4 worms
  2 dart slugs (D:3)
  2 leopard geckos
  10 bats
  2 giant cockroaches (D:2)
  9 hobgoblins
  9 jackals
  A quokka (D:3)
  2 ball pythons
  3 frilled lizards
  8 goblins
  8 kobolds
  6 rats
87 creatures vanquished.

Vanquished Creatures (collateral kills)
  2 gnolls
2 creatures vanquished.

Vanquished Creatures (others)
  3 dancing weapons
3 creatures vanquished.

Grand Total: 92 creatures vanquished

Notes
Turn   | Place    | Note
-------+----------+-------------------------------------------
     0 | D:1      | RoseArtemis the Spriggan Enchanter began the quest for the
                  | Orb.
     0 | D:1      | Reached XP level 1. HP: 9/9 MP: 5/5
   248 | D:1      | Reached XP level 2. HP: 12/13 MP: 6/6
  1017 | D:1      | Reached XP level 3. HP: 15/16 MP: 8/8
  1236 | D:2      | Found a shimmering altar of Xom.
  1251 | D:2      | Found a stormy altar of Qazlal.
  1852 | D:2      | Learned a level 3 spell: Confuse
  2403 | D:2      | Found a bloodstained altar of Trog.
  2976 | D:3      | Found an ornate altar of the Wu Jian Council.
  3001 | D:3      | Became a worshipper of the Wu Jian Council
  3005 | D:3      | Noticed a centaur
  3022 | D:3      | Killed a centaur
  3022 | D:3      | Reached XP level 4. HP: 14/21 MP: 5/10
  3022 | D:3      | Reached XP level 5. HP: 16/24 MP: 5/11
  3433 | D:3      | Reached skill level 5 in Hexes
  3438 | D:3      | Learned a level 3 spell: Tukima's Dance
  3532 | D:3      | Reached * piety under Wu Jian
  3821 | D:3      | Found an ancient bone altar of Kikubaaqudgha.
  4214 | D:4      | Noticed an ogre
  4223 | D:4      | Killed an ogre
  4223 | D:4      | Reached skill level 5 in Dodging
  4223 | D:4      | Reached XP level 6. HP: 28/28 MP: 6/13
  4397 | D:4      | Noticed Menkaure
  4422 | D:4      | Killed Menkaure
  4422 | D:4      | Reached skill level 5 in Stealth
  4526 | D:4      | Reached XP level 7. HP: 32/32 MP: 15/15
  4631 | D:4      | Noticed Edmund
  4704 | D:4      | Reached skill level 6 in Stealth
  4861 | D:4      | Killed Edmund
  4861 | D:4      | Reached skill level 1 in Fighting
  4913 | D:4      | Noticed a kobold demonologist
  4920 | D:4      | Found a radiant altar of Vehumet.
  4922 | D:4      | Found a transporter.
  4931 | D:4      | Found a transporter.
  5288 | D:4      | Reached skill level 7 in Stealth
  5313 | D:4      | Killed from afar by an orc priest

Vault maps used:
D:1:      lemuel_arrival_river_ford, kennysheep_another_room
D:2:      xom_butterflies, nicolae_qazlal_eye_of_the_storm, bloody_trog
D:3:      old_standard_altar, lemuel_coloured_pillars_altar,
          minmay_misc_feat_diagonals
D:4:      gammafunk_temple_overflow_arena, first_ration, uniq_menkaure,
          uniq_edmund

Skill      XL: |  1  2  3  4  5  6  7 |
---------------+----------------------+-----
Spellcasting   | 3 4 |  4.6
Short Blades   | 2 3 4 |  4.7
Hexes          | 4 5 6 |  6.2
Dodging        | 4 5 6 |  6.0
Stealth        | 5 7 |  7.3
Fighting       | 1 |  1.6

Action                   |  1- 3 |  4- 6 |  7- 9 || total
-------------------------+-------+-------+-------++-------
Melee: Dagger            |   207 |       |       ||   207
       Short sword       |    11 |   110 |    76 ||   197
Throw: Stone             |     9 |    10 |       ||    19
 Cast: Corona            |    14 |     1 |     5 ||    20
       Confuse           |    11 |     7 |     7 ||    25
       Tukima's Dance    |       |     3 |     5 ||     8
Invok: Lunge             |     1 |     7 |     3 ||    11
       Whirlwind         |       |       |     2 ||     2
  Use: Scroll            |     7 |       |       ||     7
 Stab: Sleeping          |     9 |     4 |     1 ||    14
       Confused          |     7 |     4 |     4 ||    15
       Distracted        |     1 |       |       ||     1
  Eat: Ration            |     1 |     1 |       ||     2
Armor: Robe              |    15 |     6 |     2 ||    23
Dodge: Dodged            |   180 |    82 |    59 ||   321

Table legend:
 A = Non-vault XP
 B = Vault XP
 C = Vault XP percentage of total XP
 D = Non-vault monster count
 E = Vault monster count
 F = Vault count percentage of total count
                 A         B        C        D         E       F
            +---------+---------+-------+---------+---------+-------
      Total |     993 |     345 |  25.8 |      87 |       2 |   2.2
            +---------+---------+-------+---------+---------+-------
        D:1 |      51 |       0 |   0.0 |      24 |       0 |   0.0
        D:2 |      38 |       0 |   0.0 |      19 |       0 |   0.0
        D:3 |     223 |       0 |   0.0 |      29 |       0 |   0.0
        D:4 |     681 |     345 |  33.6 |      15 |       2 |  11.8
            +---------+---------+-------+---------+---------+-------
